[Event "Titled Tuesday Blitz March 14 Early 2023"]
[White "Fernandez Siles, Luis"]
[Black "Escalona Landi, Samid Eduardo"]
[WhiteFideId "2209420"]
[BlackFideId "3937437"]
[WhiteElo "2186"]
[BlackElo "2207"]
[Result "0-1"]
[Round "07"]
[TimeControl "180+2"]
[Date "2023.03.14"]
[WhiteClock "0:01:40"]
[BlackClock "0:02:01"]

1. d4 Nf6 2. c4 g6 3. Nc3 Bg7 4. e4 d6 5. Nf3 O-O 6. Be2 Nbd7 7. O-O e5 8. h3 exd4 9. Nxd4 Re8 10. f3 c6 11. Bg5 Qb6 12. Na4 Qc7 13. Nc3 Qb6 14. Na4 Qa5 15. Be3 Nh5 16. a3 f5 17. b4 Qc7 18. c5 d5 19. g4 Qg3+ 20. Kh1 Qxh3+ 21. Kg1 Qg3+ 22. Kh1 Qh3+ 23. Kg1 Ng3 24. Bf2 Qh1# 0-1


[Site "https://www.chess.com"]

[Event "Titled Tuesday Blitz March 14 Early 2023"]
[White "Odegov, Artem"]
[Black "Bennett, Patrick"]
[WhiteFideId "34183644"]
[BlackFideId "1801228"]
[WhiteElo "2300"]
[BlackElo "2364"]
[Result "1/2-1/2"]
[Round "07"]
[TimeControl "180+2"]
[Date "2023.03.14"]
[WhiteClock "0:00:05"]
[BlackClock "0:00:07"]

1. d4 d5 2. c4 dxc4 3. Nf3 Nf6 4. e3 e6 5. Bxc4 a6 6. O-O c5 7. Qe2 cxd4 8. Rd1 Nc6 9. exd4 Be7 10. Nc3 O-O 11. d5 exd5 12. Nxd5 Nxd5 13. Bxd5 Qc7 14. Be3 Bg4 15. h3 Bh5 16. Rac1 Rad8 17. Be4 Bg6 18. Bxc6 bxc6 19. Nd4 c5 20. Nb3 Rxd1+ 21. Rxd1 c4 22. Nd4 Bd3 23. Qf3 Bf6 24. b3 Rd8 25. bxc4 Qxc4 26. Nb3 Re8 27. Qb7 Qb5 28. Qxb5 Bxb5 29. g3 h5 30. h4 Rd8 31. Rxd8+ Bxd8 32. Nd4 Bc4 33. a4 Bd5 34. Kf1 Kf8 35. Ke2 Bc4+ 36. Kd2 Ba5+ 37. Kc2 Bd5 38. Nf5 g6 39. Nd4 Ke7 40. Ne2 Kd6 41. Nc3 Bc6 42. Kb3 Ke5 43. Kc4 Kf5 44. Ne2 Bxa4 45. Nd4+ Kg4 46. Bf4 Bb6 47. f3+ Kh3 48. Kd3 Bd1 49. Ne2 a5 50. Nc3 Bxf3 51. Be5 Bg4 52. Na4 Bf5+ 53. Kc4 Bd8 54. Nc5 g5 55. Nb7 gxh4 56. Nxd8 hxg3 57. Nxf7 g2 58. Bd4 Bg4 59. Ng5+ Kh2 60. Ne4 g1=Q 61. Bxg1+ Kxg1 62. Nf6 Be2+ 63. Kc3 h4 64. Ne4 h3 65. Ng5 Bf3 66. Nxh3+ Kg2 67. Nf4+ Kg3 68. Ne6 a4 69. Nd4 a3 70. Kb3 a2 71. Kxa2 1/2-1/2


[Site "https://www.chess.com"]

[Event "Titled Tuesday Blitz March 14 Early 2023"]
[White "Liu, Casper"]
[Black "Shapiro, Viktor"]
[WhiteFideId "1454153"]
[BlackFideId "4175700"]
[WhiteElo "2221"]
[BlackElo "2152"]
[Result "0-1"]
[Round "07"]
[TimeControl "180+2"]
[Date "2023.03.14"]
[WhiteClock "0:00:01"]
[BlackClock "0:00:38"]

1. d4 Nf6 2. c4 e6 3. Nc3 c5 4. d5 exd5 5. cxd5 d6 6. Bg5 g6 7. h4 h6 8. Bxf6 Qxf6 9. e3 Bg7 10. Nf3 O-O 11. Bd3 a6 12. h5 b5 13. hxg6 fxg6 14. O-O Bg4 15. a4 b4 16. Ne4 Qe7 17. Qc2 Bxf3 18. gxf3 Rxf3 19. Ng3 Nd7 20. Bxg6 Ne5 21. Bf5 Rf8 22. Kg2 Qg5 23. Be4 R3f7 24. f4 Qg4 25. fxe5 Bxe5 26. Bh7+ Kh8 27. Qg6 Qxg6 28. Bxg6 Rxf1 29. Rxf1 Rg8 30. Ne4 Rxg6+ 31. Kh3 Kg7 32. Rf5 Bxb2 33. Ng3 Be5 34. Nh5+ Kg8 35. Nf4 Rf6 36. Rxf6 Bxf6 37. Ne6 b3 0-1


[Site "https://www.chess.com"]

[Event "Titled Tuesday Blitz March 14 Early 2023"]
[White "Sovetbekova, Nurai"]
[Black "Karttunen, Mika"]
[WhiteFideId "13801910"]
[BlackFideId "502081"]
[WhiteElo "1857"]
[BlackElo "2396"]
[Result "0-1"]
[Round "07"]
[TimeControl "180+2"]
[Date "2023.03.14"]
[WhiteClock "0:00:09"]
[BlackClock "0:00:48"]

1. d4 e6 2. c4 Nf6 3. Nc3 d5 4. cxd5 exd5 5. Bg5 Bb4 6. e3 h6 7. Bh4 g5 8. Bg3 Ne4 9. Ne2 h5 10. h4 Nxg3 11. Nxg3 gxh4 12. Nxh5 c6 13. Qf3 Qg5 14. Nf4 Bf5 15. Be2 Nd7 16. a3 Ba5 17. b4 Bc7 18. Nd3 Nf6 19. Ne5 Bxe5 20. dxe5 Ne4 21. Na4 Be6 22. Qf4 Qxg2 23. Bf3 Qxf2+ 24. Kd1 Qd2# 0-1


[Site "https://www.chess.com"]

[Event "Titled Tuesday Blitz March 14 Early 2023"]
[White "Bolanos, Fernando"]
[Black "Loiacono, Antonio"]
[WhiteFideId "3304094"]
[BlackFideId "895415"]
[WhiteElo "2166"]
[BlackElo "2257"]
[Result "1-0"]
[Round "07"]
[TimeControl "180+2"]
[Date "2023.03.14"]
[WhiteClock "0:00:15"]
[BlackClock "0:00:59"]

1. e4 e5 2. Nf3 Nc6 3. Bc4 Bc5 4. O-O Nf6 5. d3 O-O 6. h3 h6 7. c3 d5 8. exd5 Nxd5 9. Re1 Re8 10. d4 Bf8 11. dxe5 Nb6 12. Bb5 Qxd1 13. Rxd1 Nxe5 14. Bxe8 Nxf3+ 15. gxf3 Bxh3 16. Bb5 Bd6 17. Nd2 Rd8 18. Ne4 Bh2+ 19. Kxh2 Rxd1 20. Kxh3 Nd5 21. Ba4 Re1 22. Bb3 Ne7 23. Ng3 Ng6 24. Rb1 Ne5 25. Bc2 Nxf3 26. Be3 b6 27. Rxe1 Nxe1 28. Be4 g6 29. Bxh6 f5 30. Bb1 Nf3 31. Bf4 g5 32. Bxc7 g4+ 33. Kg2 Kf7 34. Nxf5 Ke6 35. Bb8 a6 36. Nd4+ Kd5 37. Nxf3 gxf3+ 38. Kxf3 Kc4 39. Be5 b5 40. b3+ Kc5 41. Bd4+ Kd5 42. Be4+ Ke6 43. Ke3 a5 44. f4 a4 45. f5+ Kf7 46. f6 Ke6 47. Kf4 axb3 48. axb3 b4 49. c4 Kf7 50. Bd5+ Ke8 51. f7+ Ke7 52. Bc5+ Kd7 53. f8=Q Kc7 54. Qe7+ Kb8 55. Bd6+ Kc8 56. Bb7# 1-0


[Site "https://www.chess.com"]

[Event "Titled Tuesday Blitz March 14 Early 2023"]
[White "Wartiovaara, Oliver"]
[Black "Zaksaite, Salomeja"]
[WhiteFideId "513024"]
[BlackFideId "12801496"]
[WhiteElo "2214"]
[BlackElo "2059"]
[Result "1-0"]
[Round "07"]
[TimeControl "180+2"]
[Date "2023.03.14"]
[WhiteClock "0:02:19"]
[BlackClock "0:02:41"]

1. e4 c5 2. c3 Nf6 3. e5 Nd5 4. Nf3 e6 5. d4 cxd4 6. cxd4 d6 7. Bc4 dxe5 8. dxe5 Nb6 9. Qxd8+ Kxd8 10. Bb3 Nc6 11. O-O Bd7 12. Rd1 Kc7 13. Nc3 a6 14. Be3 Be7 15. Bxb6+ 1-0


[Site "https://www.chess.com"]

[Event "Titled Tuesday Blitz March 14 Early 2023"]
[White "Fajdetic, Hrvoje"]
[Black "Shubenkova, Veronika"]
[WhiteFideId "14501945"]
[BlackFideId "44124040"]
[WhiteElo "2185"]
[BlackElo "2027"]
[Result "0-1"]
[Round "07"]
[TimeControl "180+2"]
[Date "2023.03.14"]
[WhiteClock "0:00:10"]
[BlackClock "0:00:21"]

1. f4 d5 2. Nf3 Nf6 3. e3 g6 4. d4 Bg7 5. Bd3 Bg4 6. O-O Bxf3 7. Qxf3 c6 8. Nd2 Nbd7 9. c3 O-O 10. e4 dxe4 11. Nxe4 Nxe4 12. Bxe4 Nf6 13. f5 Nxe4 14. Qxe4 Qd5 15. Qg4 c5 16. dxc5 Qxc5+ 17. Kh1 Rad8 18. fxg6 hxg6 19. Bg5 Rd5 20. h4 f5 21. Qf3 e5 22. h5 e4 23. Qh3 gxh5 24. Bf4 Qc6 25. Qxh5 Qe6 26. Rae1 Rf7 27. Re3 Rd3 28. Rfe1 Qd5 29. Qg6 Qd7 30. Be5 Kf8 31. Rxd3 exd3 32. Bxg7+ Rxg7 33. Qf6+ Kg8 34. Qd4 Qxd4 35. cxd4 Rd7 36. Kg1 Rxd4 37. Rd1 Kf7 38. Kf2 f4 39. Kf3 Kf6 40. Kg4 Ke5 41. Kg5 d2 42. Kg4 Ke4 43. g3 fxg3 44. Kxg3 Ke3 45. Kg2 Ke2 0-1


[Site "https://www.chess.com"]

[Event "Titled Tuesday Blitz March 14 Early 2023"]
[White "Lesbekova, Assel"]
[Black "Bilan, Danila"]
[WhiteFideId "13713248"]
[BlackFideId "24161918"]
[WhiteElo "1799"]
[BlackElo "2182"]
[Result "1-0"]
[Round "07"]
[TimeControl "180+2"]
[Date "2023.03.14"]
[WhiteClock "0:00:14"]
[BlackClock "0:00:09"]

1. e4 c6 2. d4 d5 3. Nc3 dxe4 4. Nxe4 Bf5 5. Ng3 Bg6 6. Nh3 e5 7. dxe5 Qa5+ 8. c3 Qxe5+ 9. Be2 Nf6 10. Bf4 Qd5 11. Qb3 Qxb3 12. axb3 Nbd7 13. O-O Bc5 14. b4 Bb6 15. Bd6 O-O-O 16. c4 Rhe8 17. c5 Bc7 18. Rxa7 Bxd6 19. cxd6 Nb8 20. Rd1 Re6 21. b5 Rexd6 22. Rxd6 Rxd6 23. bxc6 Nxc6 24. Ra8+ Kc7 25. f4 Nd4 26. Kf2 Be4 27. Nxe4 Nxe4+ 28. Ke3 Nf6 29. Bf3 h6 30. Nf2 Nf5+ 31. Ke2 Rb6 32. Nd3 Re6+ 33. Kf2 Nd7 34. Ra3 Rb6 35. Rc3+ Kd6 36. g4 Nd4 37. Bg2 Nf6 38. h3 Nd5 39. Rc4 Ne6 40. Rc2 Ndxf4 41. Nxf4 Nxf4 42. Bf1 Ne6 43. Rd2+ Ke7 44. Kg3 Rb3+ 45. Kh2 g5 46. Bg2 b5 47. Bd5 Re3 48. Bxe6 Kxe6 49. Rc2 b4 50. Rc4 Kd5 51. Rxb4 Ke5 52. Kg2 Rd3 53. b3 f6 54. Kh2 Kd5 55. Kg2 Kc5 56. Rb8 Kd5 57. Rd8+ Ke4 58. Rxd3 Kxd3 59. Kf3 Kc3 60. Ke4 Kxb3 61. Kf5 Kc4 62. Kxf6 Kd4 63. Kg6 Ke4 64. Kxh6 Kf4 65. Kh5 Kg3 66. Kxg5 Kxh3 67. Kf5 1-0


[Site "https://www.chess.com"]

[Event "Titled Tuesday Blitz March 14 Early 2023"]
[White "Begunov, Konstantin"]
[Black "Kiseleva, Arina"]
[WhiteFideId "4118510"]
[BlackFideId "4164989"]
[WhiteElo "2079"]
[BlackElo "1756"]
[Result "1-0"]
[Round "07"]
[TimeControl "180+2"]
[Date "2023.03.14"]
[WhiteClock "0:00:09"]
[BlackClock "0:00:01"]

1. d4 Nf6 2. c4 e6 3. Nf3 Bb4+ 4. Nbd2 d5 5. a3 Bxd2+ 6. Bxd2 dxc4 7. Qa4+ Nbd7 8. Qxc4 O-O 9. Bg5 h6 10. Bh4 a6 11. e3 b5 12. Qc6 Rb8 13. Rc1 Bb7 14. Qxc7 Qxc7 15. Rxc7 Rfc8 16. Rxc8+ Rxc8 17. Kd1 Ne4 18. Nd2 Ndf6 19. f3 Nd6 20. e4 Nc4 21. Nxc4 bxc4 22. Kd2 a5 23. Be2 Nd7 24. Rc1 Nb6 25. Be7 Ba6 26. Kc2 Na4 27. Kb1 Rb8 28. Rc2 f6 29. Bd6 Rb7 30. Kc1 Rb6 31. Bc7 Rc6 32. Bxa5 Bb5 33. Bb4 Kf7 34. Bd1 Rc8 35. Be2 Ke8 36. Bd2 Kd7 37. Bb4 Nb6 38. Kd2 Na4 39. Ke3 Ba6 40. Rd2 Kc6 41. d5+ exd5 42. Rxd5 c3 43. Bxa6 cxb2 44. Bd3 f5 45. Ra5 Nb6 46. Rc5+ Kd7 47. Rxc8 Kxc8 48. Bc3 Na4 49. Bd4 fxe4 50. Bxe4 Kd7 51. Bxg7 h5 52. Bd4 h4 53. Kd2 Kd6 54. Kc2 h3 55. gxh3 Ke6 56. h4 Kf7 57. h5 Kg8 58. h6 1-0


[Site "https://www.chess.com"]

[Event "Titled Tuesday Blitz March 14 Early 2023"]
[White "Fabris, Alberto"]
[Black "Staudenhocker43"]
[WhiteFideId "801348"]
[WhiteElo "2199"]
[BlackElo "2416"]
[Result "0-1"]
[Round "07"]
[TimeControl "180+2"]
[Date "2023.03.14"]
[WhiteClock "0:00:50"]
[BlackClock "0:01:23"]

1. e4 c5 2. Nf3 e6 3. d4 cxd4 4. Nxd4 Nc6 5. Nb5 d6 6. c4 Nf6 7. N1c3 a6 8. Na3 Be7 9. Be2 O-O 10. O-O b6 11. Nc2 Bb7 12. Be3 Ne5 13. f3 Rc8 14. Qd4 Ned7 15. Rac1 Qc7 16. b3 Rfd8 17. Rfd1 Qb8 18. Ne1 h6 19. Qd2 Bc6 20. Bf1 b5 21. cxb5 axb5 22. Nc2 b4 23. Ne2 d5 24. Ncd4 Ba8 25. exd5 Nxd5 26. Bf2 Bg5 27. f4 Nxf4 28. Nxf4 Bxf4 29. Be3 Bxh2+ 30. Kh1 Rxc1 31. Rxc1 Nf6 32. Qe2 Ne4 33. Bf2 Rxd4 0-1


[Site "https://www.chess.com"]

[Event "Titled Tuesday Blitz March 14 Early 2023"]
[White "Aanan, Shafiuddin"]
[Black "Bochnicka, Vladimir"]
[WhiteFideId "3242633"]
[BlackFideId "14943450"]
[WhiteElo "1648"]
[BlackElo "2094"]
[Result "1/2-1/2"]
[Round "07"]
[TimeControl "180+2"]
[Date "2023.03.14"]
[WhiteClock "0:00:04"]
[BlackClock "0:00:10"]

1. e4 c5 2. Nf3 Nc6 3. d3 g6 4. g3 Bg7 5. Bg2 e5 6. O-O d6 7. c3 Nge7 8. a3 O-O 9. b4 Qc7 10. Nbd2 Rb8 11. Bb2 b5 12. Nb3 c4 13. dxc4 bxc4 14. Nbd2 Rd8 15. Re1 h6 16. Nxc4 Nxb4 17. cxb4 Qxc4 18. Rc1 Qa2 19. Qd2 Be6 20. Ra1 Qb3 21. Re3 Qa4 22. Rd3 Rdc8 23. Rc1 Rxc1+ 24. Qxc1 Rc8 25. Rc3 Rxc3 26. Qxc3 Qd1+ 27. Qe1 Qxe1+ 28. Nxe1 d5 29. exd5 Nxd5 30. Nd3 Nb6 31. Bxe5 Nc4 32. Bxg7 Kxg7 33. a4 Bf5 34. Nc5 Kf6 35. Bd5 Nd6 36. b5 Ke5 37. Bc6 Kd4 38. Nb7 Nc4 39. Nd8 f6 40. Nf7 h5 41. Kg2 Kc5 42. Nh6 Be6 43. Be8 g5 44. Bxh5 Kb4 45. Be8 Nb6 46. Nf7 Kxa4 47. Nd8 Bd5+ 48. Kh3 Kb4 49. Nc6+ Kxb5 50. Nxa7+ Kc5 51. Nb5 Be6+ 52. Kg2 Nd5 53. Na3 Kb4 54. Nc2+ Kc3 55. Ne3 Nxe3+ 56. fxe3 Kd3 57. Kf2 Bg4 58. Bb5+ Ke4 59. Bc6+ Ke5 60. Bb5 Bf5 61. Bc6 Be6 62. Bb5 Bd5 63. Be2 f5 64. Bf3 Bc4 65. h4 gxh4 66. gxh4 Kf6 67. h5 Bd3 68. Kg3 Kg7 69. Kf4 Kh6 70. Bd1 Be4 71. Bf3 Bxf3 72. Kxf3 Kxh5 73. Kf4 Kg6 74. e4 fxe4 75. Kxe4 1/2-1/2


[Site "https://www.chess.com"]

[Event "Titled Tuesday Blitz March 14 Early 2023"]
[White "Torres Dominguez, David"]
[Black "Shevtchenko, Olesya"]
[WhiteFideId "2220857"]
[BlackFideId "24131890"]
[WhiteElo "1999"]
[BlackElo "2003"]
[Result "1-0"]
[Round "07"]
[TimeControl "180+2"]
[Date "2023.03.14"]
[WhiteClock "0:00:08"]
[BlackClock "0:00:28"]

1. e4 c6 2. Nf3 d5 3. d3 Qc7 4. Be2 e5 5. O-O Nf6 6. Re1 Bc5 7. exd5 cxd5 8. d4 exd4 9. Bb5+ Kf8 10. Nxd4 Nc6 11. Be3 Ng4 12. g3 Nxe3 13. Rxe3 Bd7 14. Bxc6 bxc6 15. Nc3 g6 16. Rf3 Kg7 17. Nb3 Bd6 18. Qd2 Rae8 19. Re1 h5 20. Rfe3 h4 21. Qd4+ f6 22. Rxe8 Bxe8 23. Nc5 Bf7 24. Ne6+ Bxe6 25. Rxe6 Be5 26. Qc5 hxg3 27. Re7+ Kg8 28. Rxc7 gxh2+ 29. Kh1 Bxc7 30. Nxd5 Be5 31. Qxc6 Kg7 32. Qd7+ Kh6 33. Qh3+ Kg7 34. Qd7+ Kh6 35. f4 Bxb2 36. Kxh2 Rh7 37. Qb5 Bc1 38. Kg2 Rf7 39. Qc4 Kg7 40. f5 gxf5 41. Qf1 Kg6 42. Qxc1 Rd7 43. Nf4+ Kf7 44. Qe3 Re7 45. Qb3+ Kg7 46. Nh5+ Kg6 47. Nf4+ Kg7 48. Qg3+ Kf7 49. Qg6+ Kf8 50. Qxf6+ Ke8 51. Nd5 Rf7 52. Qxf7+ Kxf7 53. Kf3 Ke6 54. Ne3 Ke5 55. c3 a5 56. a4 f4 57. Nc4+ Kd5 58. Nxa5 Kc5 59. Nb3+ Kc4 60. a5 Kxb3 61. a6 Kxc3 62. a7 1-0


[Site "https://www.chess.com"]

[Event "Titled Tuesday Blitz March 14 Early 2023"]
[White "Kraus, Tomas"]
[Black "ritanovikova"]
[WhiteFideId "331708"]
[WhiteElo "2389"]
[BlackElo "2141"]
[Result "0-1"]
[Round "07"]
[TimeControl "180+2"]
[Date "2023.03.14"]
[WhiteClock "0:00:32"]
[BlackClock "0:00:36"]

1. e4 d5 2. exd5 Qxd5 3. Nc3 Qd6 4. d4 Nf6 5. Nf3 Bg4 6. Be2 a6 7. h3 Bh5 8. g4 Bg6 9. Ne5 c5 10. Nxg6 hxg6 11. dxc5 Qxd1+ 12. Nxd1 e6 13. b4 Nd5 14. c3 Be7 15. a3 Bf6 16. Bb2 Nc6 17. Bf3 Nf4 18. Be4 Rxh3 19. Rxh3 Nxh3 20. Ne3 O-O-O 21. Nc4 Be7 22. Ke2 f5 23. Bxc6 bxc6 24. gxf5 gxf5 25. Rh1 Nf4+ 26. Kf3 Nd3 27. Ba1 g5 28. Nb6+ Kb8 29. c4 g4+ 30. Ke2 Nf4+ 31. Ke3 Ng2+ 32. Ke2 Nf4+ 33. Ke1 Nd3+ 34. Kf1 e5 35. Rh8 Rxh8 0-1


[Site "https://www.chess.com"]

[Event "Titled Tuesday Blitz March 14 Early 2023"]
[White "Avazkhonov, Alikhon"]
[Black "Larina, Maria"]
[WhiteFideId "14208504"]
[BlackFideId "24113182"]
[WhiteElo "1739"]
[BlackElo "1848"]
[Result "1/2-1/2"]
[Round "07"]
[TimeControl "180+2"]
[Date "2023.03.14"]
[WhiteClock "0:00:08"]
[BlackClock "0:00:07"]

1. d4 f5 2. g3 Nf6 3. Bg2 g6 4. c4 Bg7 5. Nf3 O-O 6. O-O d6 7. Nc3 Nc6 8. d5 Na5 9. Qd3 e5 10. dxe6 Bxe6 11. b3 Nc6 12. Bb2 Ne4 13. Rad1 Nb4 14. Qe3 Nc2 15. Qd3 Nb4 16. Qe3 Nc2 17. Qc1 Nxc3 18. Bxc3 Bxc3 19. Qxc2 Qf6 20. Rd3 Ba5 21. Nd4 c6 22. Nxe6 Qxe6 23. Rfd1 Rad8 24. Re3 Qf6 25. a3 f4 26. Rf3 g5 27. b4 Bb6 28. c5 Bc7 29. gxf4 g4 30. Rg3 Qxf4 31. e3 Qg5 32. Qc4+ d5 33. Qxg4 Qxg4 34. Rxg4+ Kh8 35. h4 Be5 36. f4 Bb2 37. a4 Bc3 38. b5 Rde8 39. Rd3 Bb4 40. bxc6 bxc6 41. Rb3 Bxc5 42. Kf2 d4 43. e4 d3+ 44. Ke1 Rd8 45. Kd2 Bb6 46. Rxd3 Ba5+ 47. Ke2 Rb8 48. Rd7 Rb2+ 49. Kf1 Rb1+ 50. Kf2 Rb2+ 51. Kg3 Rb3+ 52. Kh2 Re8 53. Rgg7 a6 54. Rxh7+ Kg8 55. Rdg7+ Kf8 56. e5 Bd2 57. Rf7+ Kg8 58. Bxc6 Bxf4+ 59. Rxf4 Rb2+ 60. Kg3 Rxe5 61. Rhf7 Re3+ 62. Rf3 Ree2 63. Rf8+ Kg7 64. R3f7+ Kg6 65. Rf6+ Kg7 66. R8f7+ Kg8 67. Rf2 Re3+ 68. R7f3 Re5 69. Rxb2 Re7 70. Rb8+ Kg7 71. Rb7 Rxb7 72. Bxb7 a5 73. Ba6 Kh6 74. Rf5 Kg6 75. Rxa5 Kg7 76. Rg5+ Kh6 77. Bd3 1/2-1/2


[Site "https://www.chess.com"]

[Event "Titled Tuesday Blitz March 14 Early 2023"]
[White "Mirzanurov, Bulat"]
[Black "Aung Thant Zin"]
[WhiteFideId "4184521"]
[BlackFideId "13000063"]
[WhiteElo "2019"]
[BlackElo "2278"]
[Result "1-0"]
[Round "07"]
[TimeControl "180+2"]
[Date "2023.03.14"]
[WhiteClock "0:01:23"]
[BlackClock "0:02:07"]

1. e4 c5 2. Nf3 Nc6 3. d4 cxd4 4. Nxd4 Nf6 5. Nc3 d6 6. Bg5 e6 7. Qd3 a6 8. Nxc6 bxc6 9. O-O-O Be7 10. f4 h6 11. Bh4 Rb8 12. e5 Nd5 13. Bxe7 Qxe7 14. exd6 Qxd6 15. Ne2 O-O 16. c4 Qc5 17. Qd4 Qxd4 18. Nxd4 Ne3 19. Rd2 1-0


[Site "https://www.chess.com"]

[Event "Titled Tuesday Blitz March 14 Early 2023"]
[White "Levitan, Caleb Levi"]
[Black "Garcia Pantoja, Roberto"]
[WhiteFideId "14332620"]
[BlackFideId "3509265"]
[WhiteElo "1963"]
[BlackElo "2544"]
[Result "0-1"]
[Round "07"]
[TimeControl "180+2"]
[Date "2023.03.14"]
[WhiteClock "0:00:02"]
[BlackClock "0:00:33"]

1. b3 e5 2. Bb2 Nc6 3. g3 d5 4. Bg2 f5 5. d4 e4 6. Nd2 Nf6 7. e3 Bd6 8. Ne2 Ne7 9. c4 c6 10. a4 Bb4 11. Bc3 a5 12. Bxb4 axb4 13. h4 O-O 14. O-O Ng4 15. Nf4 Ng6 16. Nxg6 hxg6 17. Bh3 g5 18. Bxg4 fxg4 19. hxg5 Qxg5 20. Kg2 Be6 21. Qe2 Rf3 22. Rh1 Raf8 23. Raf1 R8f6 24. cxd5 Bxd5 25. Nc4 Qf5 26. Ne5 Bxb3 27. Rh4 Be6 28. Rxg4 Rh6 29. Rh1 Rxh1 30. Kxh1 Rxf2 31. Rf4 Rxe2 32. Rxf5 Bxf5 33. d5 cxd5 0-1


[Site "https://www.chess.com"]

[Event "Titled Tuesday Blitz March 14 Early 2023"]
[White "TimGrutter03"]
[Black "Samaganova, Aleksandra"]
[BlackFideId "13800221"]
[WhiteElo "2475"]
[BlackElo "1858"]
[Result "1-0"]
[Round "07"]
[TimeControl "180+2"]
[Date "2023.03.14"]
[WhiteClock "0:00:06"]
[BlackClock "0:00:02"]

1. e4 c5 2. Nf3 e6 3. g3 Nc6 4. Bg2 g6 5. Nc3 Bg7 6. O-O Nge7 7. d4 cxd4 8. Nb5 d5 9. exd5 Nxd5 10. Nfxd4 Nxd4 11. Nxd4 O-O 12. c3 Bd7 13. h4 h6 14. h5 g5 15. Nb3 Bc6 16. Qe2 Qc7 17. Be3 b6 18. Bd4 e5 19. Be3 Rad8 20. Rfd1 Rfe8 21. Qc4 Qb7 22. Qf1 Rd7 23. c4 Nxe3 24. fxe3 Red8 25. Rxd7 Qxd7 26. Qe2 Bxg2 27. Kxg2 e4 28. Nd4 Qc7 29. Rd1 Qc5 30. Ne6 fxe6 31. Rxd8+ Kh7 32. b3 Qc7 33. Rd1 Be5 34. Qg4 Qc6 35. Rf1 Bg7 36. Rf7 Kg8 37. Rxa7 b5 38. Qe2 b4 39. Qd2 Bf8 40. Qd7 Qxd7 41. Rxd7 e5 42. Rd5 1-0


[Site "https://www.chess.com"]

[Event "Titled Tuesday Blitz March 14 Early 2023"]
[White "Jiganchine, Roman"]
[Black "Kornyukov, Alexey"]
[WhiteFideId "2603667"]
[BlackFideId "4150457"]
[WhiteElo "2317"]
[BlackElo "2352"]
[Result "1-0"]
[Round "07"]
[TimeControl "180+2"]
[Date "2023.03.14"]
[WhiteClock "0:00:04"]
[BlackClock "0:00:02"]

1. e4 c5 2. Nf3 Nc6 3. Bb5 g6 4. O-O Bg7 5. Re1 d6 6. Bxc6+ bxc6 7. e5 d5 8. b3 Bg4 9. c4 d4 10. d3 e6 11. Nbd2 Ne7 12. h3 Bf5 13. Ne4 Bxe4 14. Rxe4 O-O 15. b4 cxb4 16. Rxd4 Qc7 17. Re4 Rad8 18. Qb3 Nf5 19. Bb2 c5 20. g4 Nd4 21. Bxd4 cxd4 22. Rae1 Qc5 23. Qb2 Rd7 24. Rxd4 Rfd8 25. Rxd7 Rxd7 26. Qe2 a5 27. d4 Qc6 28. Qe4 Qxc4 29. Qa8+ Bf8 30. Qxa5 Qd3 31. Re3 Qd1+ 32. Kg2 Rd5 33. Qa7 Rd8 34. Ng5 Bg7 35. Qxf7+ Kh8 36. Qxe6 Rf8 37. Nf7+ Rxf7 38. Qxf7 h6 39. Qxg6 Qxd4 40. Qf5 Qd5+ 41. Qf3 Qxa2 42. e6 b3 43. e7 b2 44. e8=Q+ Kh7 45. Qf5# 1-0


[Site "https://www.chess.com"]

[Event "Titled Tuesday Blitz March 14 Early 2023"]
[White "Sadubayev, Airat"]
[Black "Kalajzic, Ivan"]
[WhiteFideId "13713264"]
[BlackFideId "14506378"]
[WhiteElo "2129"]
[BlackElo "2203"]
[Result "0-1"]
[Round "07"]
[TimeControl "180+2"]
[Date "2023.03.14"]
[WhiteClock "0:00:07"]
[BlackClock "0:00:19"]

1. d4 d5 2. c4 Nc6 3. cxd5 Qxd5 4. Nf3 e5 5. e3 Nf6 6. Be2 e4 7. Nfd2 Qf5 8. O-O Bd6 9. f3 exf3 10. Nxf3 O-O 11. Nc3 Ne4 12. Bd3 Nxc3 13. bxc3 Qh5 14. e4 Bg4 15. e5 Be7 16. Bf4 Rad8 17. Bg3 Nb8 18. Rb1 b6 19. h3 Bxf3 20. Rxf3 Nd7 21. Qf1 g6 22. Bc4 g5 23. Qf2 Kg7 24. Rf1 f6 25. e6 Nb8 26. Kh1 c6 27. Be2 Qg6 28. Bd3 Qh5 29. Bf5 c5 30. Bg4 Qg6 31. Rd1 cxd4 32. cxd4 Nc6 33. d5 Ne5 34. Bf5 Qh5 35. Re3 Qxd1+ 36. Kh2 Qxd5 37. Re1 Ng6 38. Bb1 Bd6 39. Bxd6 Qxd6+ 40. Kh1 Rde8 41. Bxg6 hxg6 42. Qb2 Rxe6 43. Rc1 Qe5 44. Qb3 Rf7 45. Rd1 Rfe7 46. Rf1 Qe3 47. Rg1 Qxb3 48. axb3 Re1 49. Kh2 Rxg1 50. Kxg1 a5 51. Kf2 b5 52. Kf3 a4 53. bxa4 bxa4 54. Kf2 a3 55. Kf3 a2 56. Kf2 a1=Q 57. Kf3 Qc3+ 58. Kf2 Qe3+ 59. Kf1 Qe1# 0-1


[Site "https://www.chess.com"]

[Event "Titled Tuesday Blitz March 14 Early 2023"]
[White "Smith, Garrett L"]
[Black "Rosenberg, Evan S"]
[WhiteFideId "2024829"]
[BlackFideId "2019299"]
[WhiteElo "2254"]
[BlackElo "2393"]
[Result "1-0"]
[Round "07"]
[TimeControl "180+2"]
[Date "2023.03.14"]
[WhiteClock "0:00:10"]
[BlackClock "0:00:11"]

1. e4 e5 2. Nf3 Nc6 3. Bc4 Nf6 4. Ng5 d6 5. Nxf7 Qe7 6. Nxh8 Be6 7. Bxe6 Qxe6 8. d3 O-O-O 9. Nc3 Be7 10. Bg5 Rxh8 11. Bxf6 gxf6 12. Nd5 Bd8 13. c3 f5 14. Qf3 f4 15. O-O-O Kb8 16. Kb1 Rg8 17. h3 Bh4 18. Rhg1 Nd8 19. g4 c6 20. Nb4 a5 21. Nc2 a4 22. Rg2 Nf7 23. Rh2 Ng5 24. Qe2 c5 25. f3 Bg3 26. Rhh1 Nf7 27. h4 h5 28. g5 Nd8 29. d4 cxd4 30. cxd4 Nf7 31. Qb5 Qe8 32. Qd5 Bf2 33. Rhf1 Bxh4 34. dxe5 dxe5 35. Rh1 Bxg5 36. Rxh5 Bd8 37. Rh7 Rf8 38. a3 Bc7 39. Nb4 Ng5 40. Rg7 Nxf3 41. Rc1 Qd8 42. Rcxc7 Qxc7 43. Rxc7 Kxc7 44. Qc5+ Kd7 45. Qxf8 Nd2+ 46. Kc2 Nxe4 47. Qf5+ Kc7 48. Qxe4 b5 49. Qxe5+ Kb6 50. Qxf4 Ka7 51. Qc7+ Ka8 52. Qa5+ Kb7 53. Qxb5+ Ka7 54. Qxa4+ Kb7 55. Qa6+ Kb8 56. a4 Kc7 57. Qb5 Kc8 58. a5 Kc7 59. Qb6+ Kc8 60. a6 Kd7 61. a7 Ke7 62. a8=R Kd7 63. Rd8+ Ke7 64. Qd6+ Kf7 65. Rf8+ Kg7 66. Qf6+ Kh7 67. Rh8# 1-0


[Site "https://www.chess.com"]

[Event "Titled Tuesday Blitz March 14 Early 2023"]
[White "Matveeva, Olga"]
[Black "Clawitter, Craig"]
[WhiteFideId "24107018"]
[BlackFideId "2023105"]
[WhiteElo "2056"]
[BlackElo "2242"]
[Result "1-0"]
[Round "07"]
[TimeControl "180+2"]
[Date "2023.03.14"]
[WhiteClock "0:01:19"]
[BlackClock "0:01:02"]

1. d4 e6 2. c4 Nf6 3. g3 d5 4. Nf3 Be7 5. Bg2 O-O 6. O-O dxc4 7. Qc2 a6 8. a4 Bd7 9. Qxc4 Bc6 10. Bf4 a5 11. Nc3 Na6 12. Rac1 Nb4 13. Nb5 Rc8 14. Na7 Ra8 15. Nxc6 Nxc6 16. Rfd1 Qd5 17. Bxc7 Qxc4 18. Rxc4 Rac8 19. Bf4 Nd5 20. Rdc1 Nb6 21. R4c2 Nxa4 22. Ne5 Nxd4 23. Rxc8 Nxe2+ 24. Kf1 Nxc1 25. Rxf8+ Kxf8 26. Bxc1 b5 27. Nc6 Bb4 28. Nxb4 axb4 29. Bc6 1-0


[Site "https://www.chess.com"]

[Event "Titled Tuesday Blitz March 14 Early 2023"]
[White "Alahakoon, Isuru"]
[Black "Martin, Lewis"]
[WhiteFideId "9900993"]
[BlackFideId "410551"]
[WhiteElo "1995"]
[BlackElo "2145"]
[Result "0-1"]
[Round "07"]
[TimeControl "180+2"]
[Date "2023.03.14"]
[WhiteClock "0:00:33"]
[BlackClock "0:01:06"]

1. Nf3 Nf6 2. d4 d5 3. c4 c6 4. e3 Bf5 5. cxd5 Nxd5 6. Qb3 Qb6 7. Bc4 e6 8. Nbd2 Bg6 9. O-O Na6 10. e4 Qxb3 11. Bxb3 Ndb4 12. Bc4 b5 13. Be2 Rd8 14. a4 Nc2 15. Ra2 Nab4 16. Ra3 Nxa3 17. bxa3 Nc2 18. axb5 c5 19. dxc5 Bxc5 20. Bb2 O-O 21. Rc1 Nd4 22. Rxc5 Nxe2+ 23. Kf1 Nf4 24. g3 Nd3 25. Rc2 Nxb2 26. Rxb2 Rd3 27. a4 Rfd8 28. Ke2 f6 29. a5 Bh5 30. b6 axb6 31. axb6 Rxd2+ 32. Rxd2 Bxf3+ 33. Ke3 Rxd2 0-1


[Site "https://www.chess.com"]